 Dungeon Sprint DCSS version 0.26-a0-682-g294304f6e8 (webtiles) character file.

Game seed: 16771849838346557869

4541 mhtbhm the Fencer (level 10, -1/100 HPs)
             Began as a Minotaur Fighter on Oct 22, 2020.
             Was a High Priest of Trog.
             Slain by an 11-headed hydra (8 damage)
             ... in the Dungeon (Sprint IX: "|||||||||||||||||||||||||||||").
             The game lasted 00:01:43 (900 turns).

mhtbhm the Fencer (Minotaur Fighter)                 Turns: 900, Time: 00:01:44

Health: -1/100     AC: 16    Str: 23    XL:     10   Next: 17%
Magic:  9/9        EV: 15    Int:  5    God:    Trog [*****.]
Gold:   4          SH: 13    Dex: 11    Spells: 9/9 levels left

rFire    . . .     SeeInvis .   a - +2 scimitar (holy)
rCold    . . .     Faith    .   c - +0 kite shield
rNeg     . . .     Spirit   .   b - +2 ring mail
rPois    .         Reflect  .   (helmet restricted)
rElec    .         Harm     .   n - +0 cloak
rCorr    .         Rampage  .   m - +0 pair of gloves
MR       .....     NoTele   +   r - +0 pair of boots
Stlth    +.........             (no amulet)
HPRegen  0.26/turn              o - +2 ring of protection
MPRegen  0.11/turn              p - +2 ring of evasion

@: no status effects
A: retaliatory headbutt, horns 2
a: Berserk, Trog's Hand, Brothers in Arms, Renounce Religion


You were in the Dungeon.
You worshipped Trog.
Trog was extremely pleased with you.
You visited 1 branch You collected 4 gold pieces.

Inventory:

Hand Weapons
 a - a +2 scimitar of holy wrath (weapon)
Armour
 b - a +2 ring mail (worn)
 c - a +0 kite shield (worn)
 m - a +0 pair of gloves (worn)
 n - a +0 cloak (worn)
 r - a +0 pair of boots (worn)
Jewellery
 o - a +2 ring of protection (left hand)
 p - a +2 ring of evasion (right hand)
Wands
 l - a wand of acid (6)
Scrolls
 j - 2 scrolls of blinking
 k - 3 scrolls of remove curse
 s - a scroll of identify
 t - 3 scrolls of fear
 u - 2 scrolls of enchant weapon
Potions
 d - 2 potions of might
 e - 5 potions of curing
 f - 7 potions of heal wounds
 g - a potion of haste
 h - 4 potions of magic
 i - a potion of invisibility
 q - a potion of mutation


   Skills:
 + Level 12.9 Fighting
 + Level 16.0 Long Blades
 + Level 12.3 Armour
 + Level 5.8 Dodging
 + Level 1.0 Stealth
 + Level 14.1 Shields
 + Level 1.3 Evocations


You had 9 spell levels left.
You didn't know any spells.
Your spell library was empty.

Dungeon Overview and Level Annotations

Branches:
Dungeon (1/1)

Altars:
Cheibriados
Dithmenos
Elyvilon
Fedhas
Gozag
Hepliaklqana
Kikubaaqudgha
Makhleb
Nemelex Xobeh
Okawaru
Qazlal
Ru
Sif Muna
Trog
Uskayaw
Vehumet
Wu Jian
Xom
Yredelemnul
Zin
The Shining One
Beogh
Jiyva
Lugonu


Innate Abilities, Weirdness & Mutations

You reflexively headbutt those who attack you in melee.
You have a pair of horns on your head.


Message History

The ten-headed hydra completely misses you.
The ten-headed hydra misses you.
You block the ten-headed hydra's attack. x2
The ten-headed hydra bites you.
* * * LOW HITPOINT WARNING * * *
The ten-headed hydra bites you.
* * * LOW HITPOINT WARNING * * *
The ten-headed hydra closely misses you.
The ten-headed hydra bites you but does no damage.
The ten-headed hydra bites you!
* * * LOW HITPOINT WARNING * * *
You chop one of the ten-headed hydra's heads off!
The nine-headed hydra grows two more!
You slash the 11-headed hydra!
The 11-headed hydra is heavily wounded.
The 11-headed hydra misses you. You block the 11-headed hydra's attack.
The 11-headed hydra completely misses you.
You block the 11-headed hydra's attack. The 11-headed hydra bites you!
* * * LOW HITPOINT WARNING * * *
The 11-headed hydra bites you!
You die...

▓▓▓▓▓▓▓▓▓▓▓▓▓▓▓▓▓▓▓▓▓▓▓▓
...FhFD@†......÷÷÷÷.....
▓▓▓▓▓▓▓▓▓▓▓▓▓▓▓▓▓▓▓▓▓▓▓▓▓▓▓▓▓▓▓▓▓
.................................
▓▓▓▓▓▓▓▓▓▓▓▓▓▓▓▓▓▓▓▓▓▓▓▓▓▓▓▓▓▓▓▓▓
.[..)?.'________________________'
▓▓▓▓▓▓▓▓▓▓▓▓▓▓▓▓▓▓▓▓▓▓▓▓▓▓▓▓▓▓▓▓▓


You could see a 11-headed hydra (corroded), a cane toad (corroded), a wolf and a
bullfrog (corroded).

Vanquished Creatures
  A hydra (D)
  A two-headed ogre (D)
  A cane toad (D)
  2 komodo dragons (D)
  A rime drake (D)
  2 blink frogs (D)
  A slime creature (D)
  2 yaks (D)
  4 wyverns (D)
  A vampire mosquito (D)
  A water moccasin (D)
  2 orc warriors (D)
  A phantom (D)
  A bullfrog (D)
  A scorpion (D)
  A jelly (D)
  An iguana (D)
  4 orcs (D)
  A bat skeleton (D)
  A bat zombie (D)
  2 giant cockroaches (D)
  A goblin (D)
  A ball python (D)
  2 rats (D)
36 creatures vanquished.

Notes
Turn   | Place    | Note
-------+----------+-------------------------------------------
     0 | D        | mhtbhm the Minotaur Fighter began the quest for the Orb.
     0 | D        | Reached XP level 1. HP: 19/19 MP: 0/0
   134 | D        | Noticed a phantom
   134 | D        | Noticed a jelly
   134 | D        | Noticed a scorpion
   138 | D        | Reached skill level 3 in Long Blades
   140 | D        | Killed a scorpion
   140 | D        | Reached skill level 5 in Fighting
   140 | D        | Reached skill level 4 in Long Blades
   140 | D        | Reached skill level 5 in Shields
   140 | D        | Reached XP level 2. HP: 29/29 MP: 1/1
   140 | D        | Reached XP level 3. HP: 36/36 MP: 2/2
   144 | D        | Killed a phantom
   144 | D        | Reached skill level 5 in Long Blades
   144 | D        | Reached skill level 1 in Dodging
   144 | D        | Reached XP level 4. HP: 45/45 MP: 3/3
   144 | D        | Reached XP level 5. HP: 51/51 MP: 4/4
   188 | D        | Found a roughly hewn altar of Beogh.
   188 | D        | Found a snail-covered altar of Cheibriados.
   188 | D        | Found a shadowy altar of Dithmenos.
   188 | D        | Found a white marble altar of Elyvilon.
   188 | D        | Found a blossoming altar of Fedhas.
   188 | D        | Found an opulent altar of Gozag.
   189 | D        | Found a hazy altar of Hepliaklqana.
   190 | D        | Found a viscous altar of Jiyva.
   191 | D        | Found an ancient bone altar of Kikubaaqudgha.
   192 | D        | Found a corrupted altar of Lugonu.
   193 | D        | Found a burning altar of Makhleb.
   194 | D        | Found a sparkling altar of Nemelex Xobeh.
   195 | D        | Found an iron altar of Okawaru.
   196 | D        | Found a stormy altar of Qazlal.
   197 | D        | Found a sacrificial altar of Ru.
   198 | D        | Found a shimmering blue altar of Sif Muna.
   199 | D        | Found a bloodstained altar of Trog.
   200 | D        | Found a hide-covered altar of Uskayaw.
   201 | D        | Found a radiant altar of Vehumet.
   202 | D        | Found an ornate altar of the Wu Jian Council.
   203 | D        | Found a shimmering altar of Xom.
   204 | D        | Found a basalt altar of Yredelemnul.
   205 | D        | Found a glowing silver altar of Zin.
   206 | D        | Found a glowing golden altar of the Shining One.
   207 | D        | Became a worshipper of Trog the Wrathful
   264 | D        | Noticed an orc warrior
   264 | D        | Noticed an orc warrior
   276 | D        | Killed an orc warrior
   276 | D        | Reached skill level 6 in Long Blades
   276 | D        | Reached XP level 6. HP: 31/61 MP: 5/5
   277 | D        | Reached * piety under Trog
   278 | D        | Reached skill level 7 in Long Blades
   280 | D        | Killed an orc warrior
   281 | D        | Reached ** piety under Trog
   427 | D        | Noticed a vampire mosquito
   427 | D        | Noticed a slime creature
   427 | D        | Noticed a two-headed ogre
   427 | D        | Noticed a yak
   433 | D        | Killed a yak
   433 | D        | Reached skill level 8 in Long Blades
   433 | D        | Reached skill level 10 in Shields
   433 | D        | Reached XP level 7. HP: 70/70 MP: 6/6
   435 | D        | Killed a two-headed ogre
   435 | D        | Reached skill level 10 in Fighting
   435 | D        | Reached skill level 10 in Long Blades
   435 | D        | Reached XP level 8. HP: 80/80 MP: 7/7
   441 | D        | Killed a slime creature
   441 | D        | Reached skill level 11 in Long Blades
   445 | D        | Reached *** piety under Trog
   599 | D        | Noticed a rime drake
   599 | D        | Noticed a five-headed hydra
   599 | D        | Noticed a blink frog
   599 | D        | Noticed a komodo dragon
   601 | D        | Noticed a komodo dragon
   603 | D        | Noticed a cane toad
   613 | D        | Reached **** piety under Trog
   614 | D        | Killed a blink frog
   614 | D        | Reached skill level 12 in Long Blades
   619 | D        | Killed a komodo dragon
   619 | D        | Reached XP level 9. HP: 89/89 MP: 8/8
   627 | D        | Killed an 11-headed hydra
   627 | D        | Reached skill level 14 in Long Blades
   632 | D        | Killed a rime drake
   632 | D        | Reached skill level 5 in Dodging
   633 | D        | Killed a cane toad
   633 | D        | Reached ***** piety under Trog
   633 | D        | Reached skill level 15 in Long Blades
   633 | D        | Reached skill level 1 in Evocations
   634 | D        | Killed a komodo dragon
   872 | D        | Reached XP level 10. HP: 87/100 MP: 9/9
   878 | D        | Noticed a cane toad
   881 | D        | Noticed a six-headed hydra
   885 | D        | Reached skill level 1 in Stealth
   892 | D        | Reached skill level 16 in Long Blades
   900 | D        | Slain by an 11-headed hydra

Illustrated notes

Levels and vault maps discovered:
D:        linesprint [early_d, line_temple, items_1, d_10, items_2, lair_1,
          lair_end, items_3, orc_1, orc_end, items_4, d_15, swamp_1, shoals_1,
          snake_1, spider_1, d_20, vaults_1, items_5, swamp_end, shoals_end,
          snake_end, spider_end, vaults_end, d_27, items_6, zot_1, zot_end,
          crypt_end, forest_end, elf_end, slime_end, tomb_end, abyss_end,
          pan_hell_end]

Skill      XL: |  1  2  3  4  5  6  7  8  9 10 |
---------------+-------------------------------+-----
Fighting       | 5 6 8 9 10 11 12 | 12.9
Armour         | 6 7 8 9 11 12 | 12.3
Shields        | 5 7 8 10 11 12 13 14 | 14.1
Long Blades    | 4 5 6 8 10 12 15 16 | 16.0
Dodging        | 1 2 3 4 5 |  5.8
Evocations     | 1 |  1.3
Stealth        | 1 |  1.0

Action                   |  1- 3 |  4- 6 |  7- 9 | 10-12 || total
-------------------------+-------+-------+-------+-------++-------
Melee: Long sword        |    21 |     3 |       |       ||    24
       Headbutt          |     4 |     5 |    12 |    10 ||    31
       Scimitar          |       |    21 |    44 |    25 ||    90
Invok: Berserk           |       |     1 |     1 |       ||     2
Evoke: Wand              |       |     1 |     2 |     1 ||     4
  Use: Potion            |     1 |       |       |       ||     1
Armor: Scale mail        |     4 |       |       |       ||     4
       Ring mail         |       |     4 |    12 |     7 ||    23
Dodge: Dodged            |     4 |     2 |    22 |    17 ||    45
Block: Kite shield       |     8 |     9 |    25 |    23 ||    65
       Rpst.: Long sword |     4 |       |       |       ||     4
       Scimitar          |       |     1 |     6 |     2 ||     9

Table legend: (Time is in decaauts)
 A = Elapsed time spent in this place.
 B = Non-inter-level travel time spent in this place.
 C = Inter-level travel time spent in this place.
 D = Time resting spent in this place.
 E = Time spent auto-exploring this place.
 F = Levels seen in this place.
 G = Mean time per level.
                   A        B        C        D        E       F      G
               +--------+--------+--------+--------+--------+-----+--------+
         Total |    917 |    917 |      0 |    578 |     78 |   1 |  917.0 |
       Dungeon |    917 |    917 |      0 |    578 |     78 |   1 |  917.0 |
               +--------+--------+--------+--------+--------+-----+--------+

Top non-repeatable levels by time:
       D: 917 daAuts
